 Dungeon Crawl Stone Soup version 0.30-a0-1124-g6e8f0f562f (webtiles) character file.

Game seed: 12066910395429762245

161 Lavandula the Cutter (level 5, 0/38 HPs)
             Began as a Mummy Wanderer on Apr 22, 2023.
             Slain by a river rat (8 damage)
             ... on level 3 of the Dungeon.
             The game lasted 00:09:23 (2020 turns).

Lavandula the Cutter (Mummy Wanderer)               Turns: 2020, Time: 00:09:24

Health: 0/38       AC: 10    Str: 18    XL:     5   Next: 18%
Magic:  7/7        EV: 11    Int: 16    God:
Gold:   175        SH:  0    Dex: 12    Spells: 5/6 levels left

rFire   x . .        h - +1 dagger (vamp)
rCold   + . .        (no shield)
rNeg    + + +        r - +3 leather armour
rPois   ∞            l - +0 helmet
rElec   .            k - +2 cloak {rPois}
rCorr   .            (no gloves)
SInv    .            (no boots)
Will    .....        (no amulet)
Stlth   +            e - +6 ring of strength
HPRegen 0.26/turn    (no ring)
MPRegen 0.10/turn

%: faith
@: very slow
A: cold resistance 1, negative energy resistance 3, torment resistance 2, heat
vulnerability 1, in touch with death 1, no potions, faith
a: no special abilities


You were on level 3 of the Dungeon.
You visited 1 branch of the dungeon, and saw 3 of its levels.

You collected 175 gold pieces.

Inventory:

Hand Weapons
 h - a +1 vampiric dagger (weapon)
 m - a +2 dagger of pain
 o - a +3 dagger
Missiles
 g - 10 poisoned darts (quivered)
Armour
 c - a +0 robe
 k - a +2 cloak of poison resistance (worn)
 l - a +0 helmet (worn)
 r - a +3 leather armour (worn)
Magical Staves
 i - a staff of poison
Jewellery
 e - a +6 ring of strength (left hand)
 j - a ring of flight
Scrolls
 a - a scroll of teleportation
 b - a scroll of blinking
 d - a scroll of fog
 f - a scroll of fear
 n - a scroll of immolation
 p - a scroll of enchant weapon {unknown}
 q - a scroll of torment


   Skills:
 - Level 2.0 Fighting
 + Level 3.9 Short Blades
 - Level 1.0 Stealth
 - Level 1.3 Spellcasting
 - Level 1.7 Hexes
 - Level 2.6 Fire Magic
 - Level 1.0 Invocations


You had 5 spell levels left.
You knew the following spells:

 Your Spells              Type           Power      Damage    Failure   Level
a - Foxfire               Conj/Fire      20%        2x1d5     16%         1

Your spell library contained the following spells:

 Spells                   Type           Power      Damage    Failure   Level
 Slow                     Hex            24%        N/A       13%         1
 Volatile Blastmotes      Fire/Tloc      10%        2d10      43%         3
 Dazzling Flash           Conj/Hex       6%         N/A       50%         3
 Ignite Poison            Fire/Tmut/Pois 3%         N/A       50%         3
 Summon Guardian Golem    Hex/Summ       3%         N/A       50%         3
 Orb of Destruction       Conj           0%         9d5       100%        7
 Spellforged Servitor     Conj/Summ      0%         N/A       100%        7


Dungeon Overview and Level Annotations

Branches:
Dungeon (3/15)

Altars:


Innate Abilities, Weirdness & Mutations

You are immune to poison.
Your flesh is cold resistant. (rC+)
You are immune to negative energy. (rN+++)
You are immune to unholy pain and torment.
You are vulnerable to heat. (rF-)
You are in touch with the powers of death.
You do not drink.
You have a special connection with the divine. (Faith)


Message History

The river rat is heavily wounded.
The river rat closely misses you.
You hit the river rat but do no damage.
The river rat is heavily wounded.
The river rat bites you.
You closely miss the river rat.
You punch the river rat, but do no damage.
The river rat is heavily wounded.
The river rat bites you.
You closely miss the river rat.
The river rat is heavily wounded.
You hit the river rat but do no damage.
The river rat is heavily wounded.
The river rat bites you but does no damage.
Your unstable footing causes you to fumble your attack.
The river rat bites you!
You are too injured to fight recklessly!
You are too injured to fight recklessly!
You are too injured to fight recklessly!
You are too injured to fight recklessly!
You are too injured to fight recklessly!
Your unstable footing causes you to fumble your attack.
The river rat bites you.
You completely miss the river rat.
The river rat is heavily wounded.
The river rat bites you but does no damage.
Your unstable footing causes you to fumble your attack.
You barely miss the river rat.
The river rat is heavily wounded.
The river rat bites you.
* * * LOW HITPOINT WARNING * * *
You hit the river rat but do no damage.
The river rat is heavily wounded.
The river rat bites you but does no damage.
Your unstable footing causes you to fumble your attack.
The river rat misses you.
You closely miss the river rat.
The river rat is heavily wounded.
The river rat bites you!
You die...

#~~~~~~~~~.#
#~##########
#~~~~~~#
####~#~#
#~~~~#~#
#~##~#~#
#~#~~#~# #
#~#~##~#~#
#~#~##@r~#
#~#~.#~###
######## #


You could see a river rat.

Vanquished Creatures
  6 adders (D:3)
  3 river rats (D:3)
  6 worms (D:3)
  A dart slug (D:3)
  7 orcs (D:3)
  5 endoplasms
  A giant cockroach (D:3)
  3 goblins (D:1)
  5 hobgoblins
  A quokka (D:1)
  7 ball pythons
  2 bats
  A frilled lizard (D:1)
  6 kobolds
  A rat (D:1)
55 creatures vanquished.

Vanquished Creatures (others)
  68 foxfires
68 creatures vanquished.

Grand Total: 123 creatures vanquished

Notes
Turn   | Place    | Note
-------+----------+-------------------------------------------
     0 | D:1      | Lavandula the Mummy Wanderer began the quest for the Orb.
     0 | D:1      | Lavandula set off with the following items: a +0 club, a
                  | scroll of blinking, a +0 robe, a scroll of fog; and the
                  | following spells available to memorise: Slow, Foxfire,
                  | Volatile Blastmotes, Dazzling Flash, Ignite Poison.
     0 | D:1      | Reached XP level 1. HP: 16/16 MP: 2/2
    40 | D:1      | Learned a level 1 spell: Foxfire
   317 | D:1      | Reached skill level 1 in Short Blades
   318 | D:1      | Reached XP level 2. HP: 22/22 MP: 0/4
   904 | D:2      | Found a faded altar of an unknown god.
  1188 | D:3      | Reached skill level 2 in Short Blades
  1188 | D:3      | Gained mutation: You are in touch with the powers of death.
                  | [Mummy growth]
  1188 | D:3      | Reached XP level 3. HP: 23/27 MP: 3/5
  1515 | D:3      | Reached XP level 4. HP: 33/33 MP: 6/6
  1593 | D:3      | Reached skill level 3 in Short Blades
  1866 | D:3      | Reached XP level 5. HP: 21/38 MP: 7/7
  2020 | D:3      | Slain by a river rat

Illustrated notes

Levels and vault maps discovered:
D:1:      onia_arrival_pyramid, layout_rooms
D:2:      layout_basic, basic_ecumenical_altar
D:3:      layout_loops_ring, lightli_sewer_entry_pipes

Skill      XL: |  1  2  3  4 |
---------------+-------------+-----
Short Blades   | 1 2 3 |  3.9
Fighting       | |  2.0
Stealth        | |  1.0
Spellcasting   | |  1.3
Hexes          | |  1.7
Fire Magic     | |  2.6
Invocations    | |  1.0

Action                     |  1- 3 |  4- 6 || total
---------------------------+-------+-------++-------
  Melee: Club              |     5 |       ||     5
         Dagger            |   119 |   294 ||   413
         Punch             |       |     5 ||     5
   Cast: Foxfire           |    38 |     1 ||    39
    Use: Scroll            |     5 |       ||     5
 Armour: Robe              |    43 |    13 ||    56
         Leather armour    |       |    77 ||    77
  Dodge: Dodged            |    60 |   149 ||   209

Table legend: (Time is in decaauts)
 A = Elapsed time spent in this place.
 B = Non-inter-level travel time spent in this place.
 C = Inter-level travel time spent in this place.
 D = Time resting spent in this place.
 E = Time spent auto-exploring this place.
 F = Levels seen in this place.
 G = Mean time per level.
                   A        B        C        D        E       F      G
               +--------+--------+--------+--------+--------+-----+--------+
         Total |   1980 |   1951 |     29 |    117 |    814 |   3 |  660.0 |
       Dungeon |   1980 |   1951 |     29 |    117 |    814 |   3 |  660.0 |
               +--------+--------+--------+--------+--------+-----+--------+

Top non-repeatable levels by time:
     D:3: 809 daAuts
     D:1: 753 daAuts
     D:2: 417 daAuts
